Map: Automaton LE

Players

Weltall - Winner!

  • Race: Protoss Protoss
  • League: Master
  • Spawn Location: 9:00

MasterNoodle

  • Race: Zerg Zerg
  • League: Master
  • Spawn Location: 3:00

VOD

Have the link to the VOD?

Description

Time

  • Played on: Dec. 3, 2018, 11:36 a.m.
  • Length: 4:14
Show
View Real Time Build Order
Export as new Build Order

Weltall Protoss - Winner!

Build Orders: 1 Gate Expand 

Get SALT Encoding   

  12  0:00  Probe  
  13  0:12  Probe  
  14  0:22  Pylon  
  14  0:25  Probe  
  15  0:39  Probe  
  16  0:44  Gateway  
  16  0:47  Probe  
  16  0:51  Assimilator  
  16  0:55  Probe  
  18  1:06  Probe  
  19  1:27  Nexus  
  19  1:35  Probe  
  19  1:36  Cybernetics Core  
  20  1:44  Probe  
  20  1:46  Assimilator  
  21  1:54  Probe  
  21  1:59  Pylon  
  22  2:06  Probe  
  22  2:07  Stalker  
  23  2:18  Probe, Warp Gate  
  26  2:30  Probe  
  26  2:35  Forge  
  27  2:40  Sentry  
  27  2:42  Probe  
  30  2:45  Probe  
  30  2:50  Shield Battery  
  31  2:54  Shield Battery  
  31  2:57  Probe  
  32  3:04  Probe  
  32  3:05  Sentry  
  35  3:14  Photon Cannon  
  35  3:19  Assimilator, Probe  
  36  3:25  Sentry  
  36  3:28  Photon Cannon  
  38  3:35  Photon Cannon  
  38  3:41  Pylon  
  39  3:48  Probe x2  
  39  3:55  Photon Cannon  
  42  4:00  Probe  
  44  4:12  Robotics Facility  
Show
View Real Time Build Order
Export as new Build Order

MasterNoodle Zerg 

Build Orders: Hatch First, Zergling Baneling 

Get SALT Encoding   

  12  0:02  Drone  
  13  0:13  Overlord  
  13  0:18  Drone  
  14  0:31  Drone x2  
  16  0:37  Drone  
  17  0:55  Hatchery  
  16  0:58  Drone  
  16  1:02  Extractor  
  16  1:04  Drone  
  17  1:19  Spawning Pool  
  17  1:21  Drone  
  17  1:25  Drone  
  17  1:31  Drone  
  19  1:47  Overlord  
  19  2:07  Queen  
  19  2:08  Queen  
  21  2:09  Metabolic Boost  
  21  2:11  Zergling x4  
  21  2:13  Zergling x2  
  26  2:26  Baneling Nest  
  26  2:28  Overlord  
  25  2:44  Zergling x10  
  30  3:09  Zergling x2  
  30  3:10  Zergling x8  
  33  3:18  Zergling x4  
  35  3:23  Baneling x2  
  35  3:24  Zergling x6  
  38  3:32  Baneling x4  
  38  3:40  Zergling x2  
  38  3:41  Zergling x4  
  41  3:46  Baneling x2  
  41  3:56  Zergling x6  
Tags
 
Add a new tag
Caveats
  • Supply blocks, unpowered buildings, or Contaminate may cause inaccurate times.
  • Supply counts are checked every 10 seconds.